[ AOE2 MATCH · #506836999 ]
UnrankedBerbers vs Malay
Player's team · LOSS
Rival team · WIN
[ REPLAY ANALYSIS · EXTRACTED FROM THE RECORDED GAME ]
Feudal
11:06
Castle
—
Imperial
—
| APM avg | 34.0 |
| APM peak | 86 |
| eAPM avg | 21.7 |
| Villagers / military | 37 / 12 |
Focus
⚔️ 25.4% · 🌾 74.6%
Militia ×12
Feudal
11:19
Castle
21:36
Imperial
—
| APM avg | 22.9 |
| APM peak | 49 |
| eAPM avg | 11.6 |
| Villagers / military | 50 / 0 |
Focus
⚔️ 20.4% · 🌾 79.6%
Fishing Ship ×3
Match map
Initial resources + every placement click. Lines = walls · curves = elevation contours. ◆ gold · ⬟ stone · ● berries · ✦ relic · ◌ wall gap
Your base· ✓ Closed at 12:00 · 9t walls · no gate
(GAUCHO)BOOMMER's base· ✓ Closed at 21:36 · 23t walls · no gate
Smoothed initial terrain · ◌ = detected wall gap · hover for details
Inputs per minute
— WoR - - (GAUCHO)BOOMMER
Build order — WoR
85 actions detected in the replay
| 0:01 | Queue | Villager (Male) |
| 0:02 | Research | Loom |
| 0:03 | Build | House |
| 0:22 | Queue | Villager (Male) |
| 0:22 | Queue | Villager (Male) |
| 0:22 | Queue | Villager (Male) |
| 0:22 | Queue | Villager (Male) |
| 1:16 | Build | Palisade Wall |
| 1:46 | Build | House |
| 2:05 | Build | Palisade Wall |
| 2:20 | Build | Palisade Wall |
| 2:27 | Build | Palisade Wall |
| 2:35 | Queue | Villager (Male) |
| 3:26 | Queue | Villager (Male) |
| 3:41 | Build | House |
| 3:59 | Queue | Villager (Male) |
| 4:08 | Build | Lumber Camp |
| 4:29 | Queue | Villager (Male) |
| 4:42 | Queue | Villager (Male) |
| 4:47 | Queue | Villager (Male) |
| 5:05 | Build | House |
| 5:08 | Queue | Villager (Male) |
| 5:50 | Queue | Villager (Male) |
| 5:56 | Build | House |
| 6:05 | Queue | Villager (Male) |
| 6:37 | Queue | Villager (Male) |
| 6:37 | Queue | Villager (Male) |
| 7:07 | Queue | Villager (Male) |
| 7:35 | Build | Mining Camp |
| 8:12 | Queue | Villager (Male) |
| 8:57 | Research | Feudal Age |
| 9:01 | Build | Barracks |
| 9:49 | Queue | Militia |
| 9:50 | Queue | Militia |
| 9:50 | Queue | Militia |
| 9:50 | Queue | Militia |
| 10:40 | Queue | Militia |
| 10:43 | Build | House |
| 11:06 | Age | Feudal Age |
| 11:13 | Build | Watch Tower |
| 11:24 | Research | Man-at-Arms (upgrade) |
| 11:29 | Research | Double-Bit Axe |
| 11:30 | Queue | Villager (Male) |
| 12:37 | Queue | Villager (Male) |
| 12:39 | Queue | Villager (Male) |
| 13:13 | Research | Arson |
| 13:17 | Queue | Militia |
| 13:17 | Queue | Militia |
| 13:17 | Queue | Militia |
| 13:43 | Queue | Villager (Male) |
| 13:46 | Build | Mill |
| 14:33 | Build | House |
| 14:35 | Research | Town Watch |
| 15:06 | Queue | Militia |
| 15:06 | Queue | Militia |
| 15:40 | Queue | Villager (Male) |
| 15:43 | Build | Mining Camp |
| 15:56 | Build | House |
| 16:17 | Queue | Villager (Male) |
| 16:18 | Build | House |
| 16:27 | Build | House |
| 17:00 | Build | Market |
| 17:11 | Build | House |
| 17:13 | Queue | Villager (Male) |
| 17:39 | Build | Watch Tower |
| 18:13 | Queue | Villager (Male) |
| 18:13 | Queue | Villager (Male) |
| 18:14 | Queue | Villager (Male) |
| 18:40 | Queue | Villager (Male) |
| 19:21 | Queue | Villager (Male) |
| 19:26 | Build | Blacksmith |
| 19:40 | Queue | Militia |
| 19:42 | Queue | Villager (Male) |
| 19:43 | Queue | Villager (Male) |
| 19:50 | Build | House |
| 20:02 | Research | Scale Mail Armor |
| 20:36 | Build | House |
| 20:40 | Queue | Militia |
| 20:43 | Queue | Villager (Male) |
| 20:44 | Queue | Villager (Male) |
| 20:44 | Queue | Villager (Male) |
| 21:02 | Research | Fletching |
| 21:04 | Queue | Villager (Male) |
| 21:50 | Queue | Villager (Male) |
| 22:06 | Build | House |
Build order — (GAUCHO)BOOMMER
105 actions detected in the replay
| 0:01 | Queue | Villager (Male) |
| 0:01 | Queue | Villager (Male) |
| 0:02 | Queue | Villager (Male) |
| 0:03 | Build | House |
| 0:05 | Build | House |
| 0:40 | Research | Loom |
| 1:00 | Queue | Villager (Male) |
| 1:01 | Queue | Villager (Male) |
| 1:01 | Queue | Villager (Male) |
| 2:25 | Build | Palisade Wall |
| 2:34 | Build | Palisade Wall |
| 2:45 | Queue | Villager (Male) |
| 3:04 | Queue | Villager (Male) |
| 3:04 | Queue | Villager (Male) |
| 3:19 | Build | Lumber Camp |
| 3:30 | Queue | Villager (Male) |
| 3:57 | Queue | Villager (Male) |
| 3:57 | Queue | Villager (Male) |
| 4:18 | Queue | Villager (Male) |
| 4:18 | Queue | Villager (Male) |
| 4:19 | Queue | Villager (Male) |
| 4:39 | Queue | Villager (Male) |
| 4:43 | Build | House |
| 5:06 | Queue | Villager (Male) |
| 5:06 | Queue | Villager (Male) |
| 5:44 | Queue | Villager (Male) |
| 5:44 | Queue | Villager (Male) |
| 6:11 | Build | House |
| 6:27 | Queue | Villager (Male) |
| 7:02 | Queue | Villager (Male) |
| 7:26 | Queue | Villager (Male) |
| 7:26 | Queue | Villager (Male) |
| 7:42 | Build | Dock |
| 7:51 | Build | House |
| 8:21 | Queue | Villager (Male) |
| 8:24 | Queue | Fishing Ship |
| 8:38 | Queue | Villager (Male) |
| 8:52 | Build | House |
| 9:02 | Build | Mining Camp |
| 9:05 | Queue | Villager (Male) |
| 9:09 | Queue | Fishing Ship |
| 9:28 | Queue | Villager (Male) |
| 9:58 | Research | Feudal Age |
| 10:23 | Build | Barracks |
| 10:33 | Queue | Villager (Male) |
| 10:52 | Build | House |
| 11:03 | Build | House |
| 11:10 | Build | Palisade Wall |
| 11:19 | Age | Feudal Age |
| 11:21 | Build | Mill |
| 11:36 | Build | Watch Tower |
| 11:43 | Queue | Villager (Male) |
| 11:43 | Queue | Villager (Male) |
| 12:18 | Build | Stone Wall |
| 12:53 | Build | Stone Wall |
| 13:05 | Queue | Villager (Male) |
| 13:06 | Queue | Villager (Male) |
| 13:08 | Build | Blacksmith |
| 13:26 | Build | Lumber Camp |
| 13:35 | Build | Mining Camp |
| 13:54 | Build | Stone Wall |
| 13:57 | Queue | Villager (Male) |
| 13:57 | Queue | Villager (Male) |
| 14:02 | Research | Fletching |
| 14:38 | Queue | Villager (Male) |
| 14:38 | Queue | Villager (Male) |
| 15:03 | Build | Stone Wall |
| 15:15 | Build | Stone Wall |
| 15:41 | Build | Stone Wall |
| 15:48 | Build | House |
| 15:50 | Queue | Villager (Male) |
| 15:50 | Queue | Villager (Male) |
| 15:54 | Research | Horse Collar |
| 16:08 | Build | Outpost |
| 16:22 | Build | Market |
| 16:29 | Queue | Villager (Male) |
| 16:31 | Build | Farm |
| 16:34 | Build | Farm |
| 16:38 | Build | Farm |
| 16:57 | Queue | Villager (Male) |
| 16:57 | Queue | Villager (Male) |
| 17:24 | Build | Barracks |
| 17:38 | Build | Fish Trap |
| 17:41 | Build | Fish Trap |
| 17:43 | Queue | Villager (Male) |
| 17:43 | Queue | Villager (Male) |
| 17:51 | Build | Watch Tower |
| 18:16 | Build | Watch Tower |
| 18:31 | Queue | Villager (Male) |
| 18:35 | Build | Farm |
| 18:37 | Build | Farm |
| 18:56 | Queue | Villager (Male) |
| 19:24 | Queue | Villager (Male) |
| 19:58 | Research | Castle Age |
| 20:35 | Build | Archery Range |
| 21:16 | Build | Stone Wall |
| 21:36 | Age | Castle Age |
| 21:41 | Queue | Villager (Male) |
| 21:41 | Queue | Villager (Male) |
| 21:58 | Build | Castle |
| 22:08 | Queue | Fishing Ship |
| 22:10 | Research | Double-Bit Axe |
| 22:28 | Queue | Villager (Male) |
| 22:31 | Build | Farm |
| 22:33 | Build | Farm |
Match timeline
| 1:16 | WoR · wall_segment Palisade Wall x6 |
| 2:05 | WoR · wall_segment Palisade Wall x1 |
| 2:20 | WoR · wall_segment Palisade Wall x1 |
| 2:25 | (GAUCHO)BOOMMER · wall_segment Palisade Wall x5 |
| 2:27 | WoR · wall_segment Palisade Wall x1 |
| 2:34 | (GAUCHO)BOOMMER · wall_segment Palisade Wall x6 |
| 7:42 | (GAUCHO)BOOMMER · first_building Dock |
| 9:01 | WoR · first_building Barracks |
| 10:23 | (GAUCHO)BOOMMER · first_building Barracks |
| 11:06 | WoR · age_up feudal |
| 11:10 | (GAUCHO)BOOMMER · wall_segment Palisade Wall x2 |
| 11:19 | (GAUCHO)BOOMMER · age_up feudal |
| 12:18 | (GAUCHO)BOOMMER · wall_segment Stone Wall x4 |
| 12:53 | (GAUCHO)BOOMMER · wall_segment Stone Wall x1 |
| 13:54 | (GAUCHO)BOOMMER · wall_segment Stone Wall x1 |
| 15:03 | (GAUCHO)BOOMMER · wall_segment Stone Wall x1 |
| 15:15 | (GAUCHO)BOOMMER · wall_segment Stone Wall x2 |
| 15:41 | (GAUCHO)BOOMMER · wall_segment Stone Wall x1 |
| 17:36 | WoR · first_market_buy 100 stone |
| 19:27 | (GAUCHO)BOOMMER · first_market_sell 100 stone |
| 19:28 | (GAUCHO)BOOMMER · first_market_buy 100 food |
| 20:35 | (GAUCHO)BOOMMER · first_building Archery Range |
| 21:16 | (GAUCHO)BOOMMER · wall_segment Stone Wall x1 |
| 21:36 | (GAUCHO)BOOMMER · age_up castle |
| 21:58 | (GAUCHO)BOOMMER · first_building Castle |
| 23:03 | WoR · resign |
[ AI ANALYSIS · 1 CREDIT ]
What really happened in this match?
Wolo.gg analyzes every decision: build order, eco, micro, common mistakes by bracket. Personalized analysis on WhatsApp or Discord in 30 seconds.
Civ guide
Berbers
Perfil
Jugador #15677316